 Dungeon Crawl Stone Soup version 0.31-a0-867-g9b2fd80f0c (webtiles) character file.

Game seed: 13097042634476100204

2997 EiAlmux the Changeling (level 9, -4/85 HPs)
             Began as a Troll Shapeshifter on Oct 11, 2023.
             Was a Plaything of Xom.
             Slain by a killer bee (6 damage)
             ... on level 8 of the Dungeon.
             The game lasted 00:19:57 (6520 turns).

EiAlmux the Changeling (Troll Shapeshifter)         Turns: 6520, Time: 00:19:57

Health: -4/85      AC:  4    Str: 27    XL:     9   Next: 54%
Magic:  8/8        EV: 12    Int:  5    God:    Xom [......]
Gold:   470        SH:  0    Dex: 16    Spells: 8/8 levels left

rFire   . .          .
                       - Unarmed
rCold   + . .        (no shield)
rNeg    . . .        a - +0 animal skin
rPois   +            u - melded +0 hat of a sewer {rElec Dex+8}
rElec   +            (cloak currently unavailable)
rCorr   .            (gloves unavailable)
SInv    +            (boots unavailable)
Will    .....        (no amulet)
Stlth   ++++         v - ring "Kuad" {Fly rC+ Dex+3}
HPRegen 1.14/turn    l - ring of Ydwaf {Contam +Blink rElec SInv Stlth+}
MPRegen 0.11/turn

%: no passive effects
@: beast-form, flying
A: beast (slay +4), large, unfitting armour, claws 3, regeneration 1, shaggy fur
1, tough skin 1, agile 1, poison resistance, electricity resistance, no potion
heal 1
a: Begin Untransformation, Renounce Religion, Evoke Blink


You were on level 8 of the Dungeon.
You worshipped Xom.
You were a very special plaything of Xom.
You were a hulking beast.
You visited 2 branches of the dungeon, and saw 9 of its levels.

You collected 470 gold pieces.

Inventory:

Armour
 a - a +0 animal skin (worn)
 u - the +0 hat of a sewer (melded) {rElec Dex+8}
   (You acquired it on level 4 of the Dungeon)

   Dex+8:     It affects your dexterity (+8).
   rElec:     It insulates you from electricity.
Jewellery
 l - the ring of Ydwaf (right claw) {Contam +Blink rElec SInv Stlth+}
   (You acquired it on level 4 of the Dungeon)

   [ring of see invisible]

   rElec:     It insulates you from electricity.
   SInv:      It lets you see invisible.
   +Blink:    It lets you blink.
   Contam:    It causes magical contamination when unequipped.
   Stlth+:    It makes you more stealthy.
 v - the ring "Kuad" (left claw) {Fly rC+ Dex+3}
   (You acquired it on level 4 of the Dungeon)

   [ring of flight]

   Dex+3:     It affects your dexterity (+3).
   rC+:       It protects you from cold.
   Fly:       It grants you flight.
 E - a ring of ice
Talismans
 c - a beast talisman (active)
 d - a flux talisman
 t - a maw talisman
Wands
 r - a wand of mindburst (4)
 s - a wand of flame (7)
 y - a wand of polymorph (10)
Scrolls
 e - 2 scrolls of teleportation
 f - 2 scrolls of immolation
 g - a scroll of vulnerability {unknown}
 m - 2 scrolls of enchant weapon {unknown}
 o - 2 scrolls of blinking
 p - 2 scrolls of amnesia
 q - a scroll of fog {unknown}
 x - a scroll of noise {unknown}
 C - a scroll of silence {unknown}
 D - 2 scrolls of identify
Potions
 b - a potion of lignification
 h - 3 potions of mutation
 i - 2 potions of curing
 j - a potion of berserk rage {unknown}
 k - 4 potions of heal wounds
 n - a potion of might {unknown}
 w - 2 potions of attraction
 z - a potion of cancellation {unknown}
 A - a potion of degeneration {unknown}
 B - a potion of ambrosia {unknown}
 F - a potion of haste {unknown}


   Skills:
 + Level 4.3 Fighting
 + Level 4.7 Dodging
 - Level 4.0 Stealth
 + Level 6.0 Unarmed Combat
 * Level 7.1 Shapeshifting


You had 8 spell levels left.
You didn't know any spells.
Your spell library contained the following spells:

 Spells                   Type           Power      Damage    Failure   Level
 Apportation              Tloc           0%         N/A       47%         1
 Kiss of Death            Conj/Necr      0%         2d5       47%         1
 Necrotise                Necr           0%         1d4       47%         1
 Summon Small Mammal      Summ           0%         N/A       47%         1
 Confusing Touch          Hex            0%         N/A       85%         3
 Ozocubu's Armour         Ice            0%         N/A       85%         3
 Tukima's Dance           Hex            0%         N/A       85%         3
 Dimensional Bullseye     Hex/Tloc       0%         N/A       99%         4
 Dispel Undead            Necr           0%         3d6       99%         4
 Iskenderun's Mystic Bla  Conj/Tloc      0%         2d3       99%         4
 Iskenderun's Battlesphe  Conj           0%         2d6       100%        5
 Bombard                  Conj/Erth      0%         9d1       100%        6
 Malign Gateway           Summ/Tloc      0%         N/A       100%        7
 Ozocubu's Refrigeration  Ice            0%         4d7       100%        7
 Spellforged Servitor     Conj/Summ      0%         N/A       100%        7
 Summon Horrible Things   Summ           0%         N/A       100%        8


Dungeon Overview and Level Annotations

Branches:
Dungeon (8/15)             Temple (1/1) D:4
   Lair: D:8-11

Altars:
Ashenzari
Cheibriados
Dithmenos
Fedhas
Gozag
Hepliaklqana
Kikubaaqudgha
Makhleb
Nemelex Xobeh
Okawaru
Qazlal
Ru
Sif Muna
Trog
Uskayaw
Vehumet
Wu Jian
Xom
Yredelemnul
Zin
The Shining One

Shops:
D:1 :   D:5 [

Annotations:
D:7 2 transporters, semem's ghost, novice OpSh


Innate Abilities, Weirdness & Mutations

You are a hulking beast.
Your limbs bulge with bestial killing power. (Slay +4)
You are too large for most types of armour.
You have claws for hands.
Your natural rate of healing is unusually fast.
You are covered in fur. (AC +1)
You have tough skin. (AC +1)
You are agile. (Dex +4, Str/Int -1)
Your system is resistant to poisons. (rPois)
You are resistant to electric shocks. (rElec)
Potions are less effective at restoring your health.


Message History

The ice beast freezes you. You resist.
You claw the ice beast!
The ice beast is severely wounded.
You feel sick. The killer bee misses you. The killer bee stings you.
The killer bee stings you but does no damage. x2
The orc hits you with a +0 club. The ice beast hits you.
The ice beast freezes you. You resist.
You are too injured to fight recklessly!
You are too injured to fight recklessly!
You are too injured to fight recklessly!
You are too injured to fight recklessly!
You are too injured to fight recklessly!
You scratch the orc.
The orc is lightly wounded.
You feel sick. The killer bee stings you. x2
The killer bee closely misses you. The killer bee stings you.
The orc closely misses you.
The ice beast hits you but does no damage.
You claw the orc!
You kill the orc!
You feel sick.
You are no longer poisoned.
The killer bee barely misses you. The killer bee misses you.
The killer bee stings you!
* * * LOW HITPOINT WARNING * * *
The killer bee barely misses you. The killer bee completely misses you.
The ice beast hits you.
* * * LOW HITPOINT WARNING * * *
The ice beast freezes you. You resist.
* * * LOW HITPOINT WARNING * * *
You see here a +0 club.
You closely miss the killer bee. The killer bee stings you.
* * * LOW HITPOINT WARNING * * *
The killer bee stings you!
* * * LOW HITPOINT WARNING * * *
The killer bee stings you.
* * * LOW HITPOINT WARNING * * *
The killer bee stings you.
You die...
Xom bursts into laughter!

#.#..###...#. ..
#...)........ #.#.
#.####....#.......
....
#.................
.....
#######.#....#####
#...## ##.#.##.#
#.....#####.......#
#...#..PP.........#
##...yPhy~P..##.##.#
......Yyy~~~.# ..# #
....c♣~♣~~~~P.#.^..
.......~≈≈~~..# .#.#
##)...~~≈≈.~.......#
#.....~≈~~~P.[..
#....~~~~~~.....
#.....~~.~~##...
.....♣ P~~~P


You could see an ice beast, a centaur and 4 killer bees.

Vanquished Creatures
  A wraith (D:7)
  A fire bat (D:7)
  Edmund (D:5)
  2 water moccasins
  2 sky beasts
  A centaur (D:8)
  A phantom (D:4)
  4 bullfrogs
  2 kobold brigands
  3 scorpions
  3 wights (D:6)
  3 killer bees
  A crimson imp (D:7)
  3 hounds
  2 jellies
  2 quasits (D:7)
  3 orc priests
  A gnoll bouda (D:6)
  2 sleepcaps
  7 orc wizards
  5 iguanas
  Robin (D:3)
  7 gnolls (D:6)
  6 adders
  8 shadow imps (D:7)
  5 white imps (D:7)
  5 ufetubi (D:7)
  2 worms
  2 dart slugs
  13 orcs
  4 bats
  10 endoplasms
  4 giant cockroaches
  10 goblins
  10 hobgoblins
  6 jackals
  3 quokkas
  9 ball pythons
  2 frilled lizards
  14 kobolds
  8 rats
179 creatures vanquished.

Vanquished Creatures (collateral kills)
  3 killer bees (D:7)
3 creatures vanquished.

Vanquished Creatures (others)
  2 kobolds (D:7)
2 creatures vanquished.

Grand Total: 184 creatures vanquished

Notes
Turn   | Place    | Note
-------+----------+-------------------------------------------
     0 | D:1      | EiAlmux the Troll Shapeshifter began the quest for the Orb.
     0 | D:1      | Reached XP level 1. HP: 18/18 MP: 0/0
    58 | D:1      | Reached skill level 1 in Fighting
    69 | D:1      | Reached XP level 2. HP: 21/27 MP: 1/1
   135 | D:1      | Found Hiaci's Book Shop.
   833 | D:1      | Reached XP level 3. HP: 33/33 MP: 2/2
  1290 | D:2      | Reached skill level 1 in Stealth
  1599 | D:3      | Reached XP level 4. HP: 41/41 MP: 3/3
  1690 | D:3      | Noticed Robin
  1702 | D:3      | Killed Robin
  1888 | D:3      | Found a large runed translucent door.
  1889 | D:3      | Found a large runed translucent door.
  1889 | D:3      | Found a shimmering altar of Xom.
  1992 | D:3      | Found a glowing golden altar of the Shining One.
  2219 | D:3      | Reached XP level 5. HP: 22/48 MP: 4/4
  2524 | D:3      | Became a worshipper of Xom of Chaos
  2670 | D:4      | Identified 3 scrolls of acquirement
  2670 | D:4      | Acquired the +0 hat of a sewer {rElec Dex+8}
  2684 | D:4      | Acquired the ring "Kuad" {Fly rC+ Dex+3}
  2687 | D:4      | Acquired the ring of Ydwaf {Contam +Blink rElec SInv
                  | Stlth+}
  2766 | D:4      | Found an iron altar of Okawaru.
  2785 | D:4      | XOM: silly message
  2831 | D:4      | XOM: silly message
  2845 | D:4      | Found a broken altar of Ashenzari.
  2850 | D:4      | Saw a vision of the Swamp and the Snake Pit.
  2850 | D:4      | Noticed a spriggan druid
  2850 | D:4      | Noticed an eleionoma
  2850 | D:4      | Noticed a naga ritualist
  2850 | D:4      | Noticed a naga mage
  2850 | D:4      | Noticed a naga
  2850 | D:4      | Noticed a naga ritualist
  2850 | D:4      | Noticed a black mamba
  2850 | D:4      | Noticed a black mamba
  2850 | D:4      | Noticed a naga sharpshooter
  2850 | D:4      | Noticed an anaconda
  2852 | D:4      | Noticed a salamander
  2853 | D:4      | Noticed a bog body
  2853 | D:4      | Noticed a naga mage
  2853 | D:4      | Noticed a six-headed hydra
  2853 | D:4      | Noticed a spriggan rider
  2854 | D:4      | Noticed an alligator
  2854 | D:4      | Noticed a swamp dragon
  2950 | D:4      | Noticed a phantom
  2953 | D:4      | XOM: silly message
  2954 | D:4      | XOM: silly message
  2958 | D:4      | Killed a phantom
  2959 | D:4      | Reached XP level 6. HP: 48/57 MP: 5/5
  3038 | D:4      | XOM is BORED!
  3038 | D:4      | XOM: noise
  3062 | D:4      | Found a staircase to the Ecumenical Temple.
  3140 | Temple   | Entered the Ecumenical Temple
  3656 | D:4      | XOM: silly message
  3657 | D:4      | Found a hazy altar of Hepliaklqana.
  3854 | D:5      | Entered Level 5 of the Dungeon
  3933 | D:5      | Reached skill level 4 in Shapeshifting
  4039 | D:5      | Reached XP level 7. HP: 63/66 MP: 6/6
  4134 | D:5      | Noticed Edmund
  4147 | D:5      | Killed Edmund
  4233 | D:5      | XOM is BORED!
  4233 | D:5      | XOM: summons 4 hostile demons
  4234 | D:5      | Noticed a neqoxec
  4318 | D:5      | Found Hoaf's Antique Armour Shop.
  4318 | D:5      | XOM: 6-stop teleportation journey
  4713 | D:6      | Found an ancient bone altar of Kikubaaqudgha.
  4717 | D:6      | Reached skill level 5 in Shapeshifting
  4717 | D:6      | Reached XP level 8. HP: 61/74 MP: 7/7
  4749 | D:6      | XOM: confuse monster(s)
  5175 | D:6      | Reached skill level 5 in Unarmed Combat
  5506 | D:7      | Reached skill level 6 in Shapeshifting
  5724 | D:7      | Found a transporter.
  5724 | D:7      | XOM: 2-stop teleportation journey
  5726 | D:7      | XOM: destruction
  5739 | D:7      | XOM: polymorph white imp -> crimson imp
  5742 | D:7      | XOM: swap monsters
  5743 | D:7      | Found a transporter.
  5744 | D:7      | Noticed semem's ghost (novice OpSh)
  5764 | D:7      | Reached XP level 9. HP: 25/84 MP: 8/8
  6140 | D:7      | XOM: summons 9 friendly demons
  6287 | D:7      | XOM: give mutations
  6287 | D:7      | Gained mutation: Potions are less effective at restoring
                  | your health. [Xom's mischief]
  6287 | D:7      | Gained mutation: Your system is resistant to poisons.
                  | (rPois) [Xom's mischief]
  6287 | D:7      | Gained mutation: You are agile. (Dex +4, Str/Int -1) [Xom's
                  | mischief]
  6287 | D:7      | Gained mutation: You are resistant to electric shocks.
                  | (rElec) [Xom's mischief]
  6484 | D:8      | Reached skill level 7 in Shapeshifting
  6520 | D:8      | HP: 4/85 [killer bee (7)]
  6520 | D:8      | Slain by a killer bee

Illustrated notes

Levels and vault maps discovered:
D:1:      nzn_arrival_crosshair, layout_basic, serial_shops,
          nicolae_shop_hallway_stairs
D:2:      layout_basic, st_stairs_8, hangedman_decor_push
D:3:      due_chaos_kobolds, layout_loops_ring, tso_altar, uniq_robin
D:4:      layout_basic, kennysheep_mini, grunt_ashenzari_visionary
          [grunt_ashenzari_visionary_swamp, grunt_ashenzari_visionary_snake],
          okawaru_ov_weapons_minmay, minmay_temple_entry_proselytizer
D:5:      layout_basic, serial_shops, nicolae_shop_crystal, uniq_edmund
D:6:      layout_basic, mainiacjoe_overflow_boulevard, st_stairs_4,
          kennysheep_generic_room_14
D:7:      layout_gridville, serial_demonic, serial_demonic_e, serial_demonic_b,
          serial_demonic_a, serial_demonic_e, serial_demonic_a,
          serial_demonic_a, serial_demonic_e, serial_demonic_c,
          serial_demonic_f, serial_demonic_f, gammafunk_ghost_smash,
          minmay_liquid_box
D:8:      layout_loops_cross, serial_shops, shop, serial_bayou,
          serial_bayou_shore_a, serial_bayou_pond_e, serial_bayou_pond_b,
          serial_bayou_pond_c
Temple:   compressed_dpeg_triangle_lava_temple

Skill      XL: |  1  2  3  4  5  6  7  8  9 |
---------------+----------------------------+-----
Fighting       | 1 2 3 4 |  4.3
Stealth        | 1 2 3 4 |  4.0
Dodging        | 2 3 4 |  4.7
Unarmed Combat | 4 5 6 |  6.0
Shapeshifting  | 4 5 6 7 |  7.1

Action                     |  1- 3 |  4- 6 |  7- 9 || total
---------------------------+-------+-------+-------++-------
  Melee: Unarmed           |    88 |   133 |   254 ||   475
         Punch             |       |     3 |     3 ||     6
Ability: Begin Untransform |       |     1 |       ||     1
    Use: Scroll            |       |     5 |     6 ||    11
         Potion            |       |       |     2 ||     2
   Stab: Sleeping          |     3 |     5 |     9 ||    17
         Confused          |       |       |     1 ||     1
         Paralysed         |       |       |     1 ||     1
 Armour: Animal skin       |    40 |    88 |   247 ||   375
  Dodge: Dodged            |    40 |    66 |   193 ||   299
   Form: Beast             |       |     1 |       ||     1

Table legend: (Time is in decaauts)
 A = Elapsed time spent in this place.
 B = Non-inter-level travel time spent in this place.
 C = Inter-level travel time spent in this place.
 D = Time resting spent in this place.
 E = Time spent auto-exploring this place.
 F = Levels seen in this place.
 G = Mean time per level.
                   A        B        C        D        E       F      G
               +--------+--------+--------+--------+--------+-----+--------+
         Total |   6483 |   6115 |    368 |     26 |   4713 |   9 |  720.3 |
       Dungeon |   6371 |   6015 |    356 |     26 |   4713 |   8 |  796.4 |
        Temple |    111 |     99 |     12 |      0 |      0 |   1 |  111.0 |
               +--------+--------+--------+--------+--------+-----+--------+

Top non-repeatable levels by time:
     D:3: 1144 daAuts
     D:7: 1077 daAuts
     D:4: 1074 daAuts
     D:1: 950 daAuts
     D:5: 785 daAuts
     D:6: 739 daAuts
     D:2: 559 daAuts
  Temple: 111 daAuts
     D:8: 39 daAuts
